 Dungeon Crawl Stone Soup version 0.16-a0-3940-gf8a207b (webtiles) character file.

5502 Johnny the Fighter (level 10, -3/112 (114) HPs)
             Began as an Ogre Wizard on Feb 7, 2015.
             Was an Initiate of Gozag.
             Killed by divine providence
             ... invoked by an orc priest
              (12 damage)
             ... on level 1 of the Orcish Mines.
             The game lasted 00:39:52 (16076 turns).

Johnny the Fighter (Ogre Wizard)                   Turns: 16076, Time: 00:39:53

HP:   -3/112 (114)  AC:  5    Str: 14    XL:     10   Next: 70%
MP:   4/19          EV: 20    Int: 20    God:    Gozag
Gold: 159           SH:  0    Dex: 16    Spells: 6 memorised, 1 level left

rFire  . . .     SeeInvis .     W - +3 flail (drain)
rCold  . . .     Clarity  .     a - +0 robe
rNeg   . . .     SustAb   .     (shield restricted)
rPois  .         Gourm    .     b - +0 hat
rElec  .         Spirit   .     Z - +1 cloak
rCorr  .         Warding  .     (gloves unavailable)
rMut   +         Stasis   .     (boots unavailable)
MR     +....                    U - amulet of resist mutation
Stlth  +++.......               X - ring of flight
                                h - +3 ring of intelligence

@: agile, very slightly contaminated, invisible, somewhat resistant to hostile
enchantments, fairly stealthy
A: unfitting armour, tough skin 1
a: Potion Petition, Call Merchant, Bribe Branch, Renounce Religion, Evoke Flight


You were on level 1 of the Orcish Mines.
You worshipped Gozag.
Gozag was noncommittal.
You were very hungry.

You visited 3 branches of the dungeon, and saw 11 of its levels.

You collected 2015 gold pieces.
You spent 1042 gold pieces at shops.
You paid 814 gold pieces to Gozag.

Inventory:

Hand weapons
 e - a +3 long sword of freezing
 g - a +1 dagger of venom
 F - a +0 giant club
 W - a +3 flail of draining (weapon)
Missiles
 J - 7 javelins (quivered)
 N - a throwing net
Armour
 a - a +0 robe (worn)
 b - a +0 hat (worn)
 p - a +0 large shield
 C - the -6 robe of Qeuxykka {Regen+ Stlth+}
   (You bought it in a shop on level 5 of the Dungeon)

   It increases your rate of regeneration.
   It makes you more stealthy.
 Z - a +1 cloak (worn)
Magical staves
 n - an uncursed staff of energy {unknown}
Jewellery
 h - a +3 ring of intelligence (left hand)
 U - an amulet of resist mutation (around neck)
 X - a ring of flight (right hand)
Magical devices
 z - a wand of slowing (0)
 I - a wand of flame (18)
 L - a wand of fire (2)
 Q - a wand of enslavement (0)
 S - a wand of polymorph (0)
Scrolls
 j - 5 scrolls of identify
 k - 5 scrolls of noise
 l - 3 scrolls of magic mapping
 o - a scroll of amnesia
 q - 4 scrolls of remove curse
 v - 4 scrolls of immolation
 y - 2 scrolls of fog
 B - a scroll of recharging {unknown}
 E - a scroll of holy word {unknown}
 K - a scroll of vulnerability {unknown}
 R - a scroll of enchant weapon {unknown}
Potions
 f - 6 potions of restore abilities
 r - 2 potions of cancellation {unknown}
 s - a potion of haste {unknown}
 t - a potion of magic {unknown}
 u - 2 potions of resistance {unknown}
 w - 2 potions of poison {unknown}
 A - a potion of degeneration {unknown}
 D - a potion of beneficial mutation {unknown}
 G - 2 potions of brilliance {unknown}
Books
 c - a book of Minor Magic

   Spells                             Type                      Level
   a - Magic Dart                     Conjuration                  1
   b - Blink                          Translocation                2
   c - Call Imp                       Summoning                    2
   d - Repel Missiles                 Charms/Air                   2
   e - Slow                           Hexes                        2
   f - Conjure Flame                  Conjuration/Fire             3
   g - Mephitic Cloud                 Conjuration/Poison/Air       3
 H - a book of Callings

   Spells                             Type                      Level
   a - Summon Small Mammal            Summoning                    1
   b - Call Imp                       Summoning                    2
   c - Call Canine Familiar           Summoning                    3
   d - Summon Guardian Golem          Hexes/Summoning              4
   e - Summon Lightning Spire         Summoning/Air                4
   f - Summon Ice Beast               Ice/Summoning                4
 O - a Young Poisoner's Handbook

   Spells                             Type                      Level
   a - Sting                          Conjuration/Poison           1
   b - Cure Poison                    Poison                       2
   c - Mephitic Cloud                 Conjuration/Poison/Air       3
   d - Olgreb's Toxic Radiance        Poison                       4
   e - Venom Bolt                     Conjuration/Poison           5
 V - a book of Envenomations

   Spells                             Type                      Level
   a - Spider Form                    Transmutation/Poison         3
   b - Alistair's Intoxication        Transmutation/Poison         4
   c - Olgreb's Toxic Radiance        Poison                       4
   d - Poisonous Cloud                Conjuration/Poison/Air       6
Miscellaneous
 m - a sack of spiders {used: 10}
 M - a lantern of shadows
Comestibles
 d - 3 meat rations
 x - a fruit
 T - 2 bread rations


   Skills:
 * Level 11.6 Fighting
 + Level 4.6 Maces & Flails
 + Level 4.8 Armour
 * Level 8.9 Dodging
 - Level 1.5 Stealth
 + Level 3.6 Spellcasting
 - Level 0.6 Conjurations
 + Level 2.1 Summonings
 - Level 0.6 Translocations
 + Level 0.2 Air Magic
 - Level 2.7 Evocations


You had one spell level left.
You knew the following spells:

 Your Spells              Type           Power        Failure   Level  Hunger
a - Magic Dart            Conj           #...         12%         1    None
b - Call Imp              Summ           ##......     10%         2    ##.....
c - Blink                 Tloc           N/A          17%         2    ##.....
d - Mephitic Cloud        Conj/Pois/Air  #.......     38%         3    ###....
e - Summon Ice Beast      Ice/Summ       #.......     89%         4    ####...
f - Call Canine Familiar  Summ           ##......     17%         3    ###....


Dungeon Overview and Level Annotations

Branches:
Dungeon (9/15)             Temple (1/1) D:4             Orc (1/4) D:9
   Lair: D:8-11

Altars:
Ashenzari
Cheibriados
Dithmenos
Elyvilon
Fedhas
Gozag
Kikubaaqudgha
Makhleb
Nemelex Xobeh
Okawaru
Qazlal
Ru
Sif Muna
Trog
Vehumet
Xom
Yredelemnul
Zin
The Shining One

Shops:
D:5 ([}(*


Innate Abilities, Weirdness & Mutations

You are too large for most types of armour.
You have tough skin (AC +1).


Message History

Identify which item? (\ to view known items) (? for menu, Esc to quit)
As you read the scroll of identify, it crumbles to dust.
v - 4 scrolls of immolation Read which item? (? for menu, Esc to quit)
Identify which item? (\ to view known items) (? for menu, Esc to quit)
As you read the scroll of identify, it crumbles to dust.
y - 2 scrolls of fog Your spider bites the orc wizard.
Something closely misses your spider.
Your spider closely misses the orc wizard.
Your spider bites the orc knight but does no damage.
Read which item? (? for menu, Esc to quit)
Identify which item? (\ to view known items) (? for menu, Esc to quit)
As you read the scroll of identify, it crumbles to dust.
o - a scroll of amnesia Your spider bites the orc warrior. x2
The orc warrior is poisoned.
Your spider poisons the orc warrior!
The orc priest invokes the aid of Beogh against you.
Something smites you!
You die...
Your body crumbles into a pile of gold.

#.soo#.###o.#
#..so.oo....#▓
#...sooo....▓
#$...s≈o$$...▓
#..^.o8.8$...▓
#....≈.§o$...▓
##...≈8.8≈...▓
#...$≈≈≈≈...▓
##.......@.#
#.........#
.#.......##
.#.##.### # ##


You could see an orc knight, 3 orc warriors, an orc priest, an orc wizard
(frenzied), 3 orcs and 2 friendly spiders.

Vanquished Creatures
  A hill giant (D:9)
  Pikel (D:4)
  2 hippogriffs (D:8)
  4 orc warriors
  An ogre (D:7)
  A black bear (D:6)
  A phantom (D:6)
  A sky beast (D:7)
  3 goliath beetles
  A necrophage (D:7)
  A centaur (D:6)
  A giant frog (D:8)
  A scorpion (D:9)
  2 killer bees (D:7)
  3 wights (D:8)
  A crimson imp (D:5)
  A centaur zombie (D:8)
  8 orc priests
  8 orc wizards
  3 iguanas
  7 worker ants
  Terence (D:2)
  4 gnolls (D:8)
  5 adders
  2 giant mites (D:3)
  3 shadow imps
  4 worms
  4 adder skeletons
  An adder zombie (D:6)
  3 giant geckos
  An ooze (D:3)
  47 orcs
  A bat skeleton (D:4)
  A bat zombie (D:6)
  8 giant cockroaches
  20 goblins
  12 hobgoblins
  11 jackals
  4 quokkas
  17 bats
  6 giant newts
  17 kobolds
  2 quokka skeletons
  22 rats
248 creatures vanquished.

Vanquished Creatures (collateral kills)
  An orc knight (Orc:1)
  2 slime creatures (D:8)
  A troll (D:9)
  Prince Ribbit (D:8)
  A human (D:9)
  An ice beast (D:5)
  A hungry ghost (D:9)
  5 orc warriors
  3 sky beasts
  4 ogres
  A giant frog (D:6)
  A scorpion (D:8)
  4 killer bees (D:7)
  2 wights (D:8)
  A jelly (D:8)
  A crimson imp (D:7)
  7 orc priests
  4 orc wizards
  2 giant frog skeletons
  An iguana (D:6)
  Robin (D:3)
  3 gnolls (D:5)
  An adder (D:4)
  A shadow imp (D:7)
  A worm (D:4)
  An adder zombie (D:7)
  13 orcs
  A bat (D:9)
  A bat zombie (D:7)
  6 goblins
  4 hobgoblins
  5 jackals
  2 kobolds
  3 rats
87 creatures vanquished.

Vanquished Creatures (others)
  Menkaure (D:5)
  3 slaves (D:5)
  11 spiders
  2 ogres (D:5)
  A centaur (D:5)
  An iron imp (D:9)
  19 crimson imps
  3 hounds (D:9)
  An orc wizard (D:8)
  7 shadow imps
  3 giant mites
  21 white imps
  2 orcs (Orc:1)
  A bat (D:5)
  A giant cockroach (D:5)
  A goblin (D:5)
  A kobold (D:9)
79 creatures vanquished.

Grand Total: 414 creatures vanquished

Notes
Turn   | Place    | Note
--------------------------------------------------------------
     0 | D:1      | Johnny, the Ogre Wizard, began the quest for the Orb.
     0 | D:1      | Reached XP level 1. HP: 16/16 MP: 4/4
   248 | D:1      | Reached skill level 1 in Fighting
   373 | D:1      | Reached XP level 2. HP: 27/27 MP: 1/6
  1262 | D:2      | Reached XP level 3. HP: 33/36 MP: 8/8
  1316 | D:2      | Learned a level 2 spell: Call Imp
  1319 | D:2      | Learned a level 2 spell: Blink
  1323 | D:2      | Learned a level 3 spell: Mephitic Cloud
  1332 | D:2      | Noticed Terence
  1338 | D:2      | Killed Terence
  1408 | D:2      | Found a deep blue altar of Sif Muna.
  1682 | D:2      | HP: 1/37 [poisoned by an adder]
  1871 | D:2      | Reached XP level 4. HP: 21/45 MP: 7/10
  2383 | D:3      | Reached skill level 1 in Armour
  2986 | D:3      | Noticed Robin
  2987 | D:3      | Reached XP level 5. HP: 46/54 MP: 11/11
  3005 | D:3      | Killed Robin
  3020 | D:3      | Reached skill level 4 in Fighting
  3872 | D:4      | Reached XP level 6. HP: 18/65 MP: 9/13
  4047 | D:4      | Found a staircase to the Ecumenical Temple.
  4069 | D:4      | Reached skill level 5 in Fighting
  4092 | D:5      | Entered Level 5 of the Dungeon
  4092 | D:5      | Found Mocin's Antique Armour Shoppe.
  4164 | D:5      | Found Stethyro's Weapon Boutique.
  4373 | Temple   | Entered the Ecumenical Temple
  4430 | Temple   | Became a worshipper of Gozag Ym Sagoz the Greedy
  5437 | D:5      | Found a snail-covered altar of Cheibriados.
  5444 | D:5      | Noticed Pikel
  5628 | D:4      | Killed Pikel
  5628 | D:4      | Reached skill level 6 in Fighting
  5628 | D:4      | Reached XP level 7. HP: 22/76 MP: 2/15
  5667 | D:5      | Bought a dull robe for 176 gold pieces
  5677 | D:5      | Identified the -6 robe of Qeuxykka {Regen+ Stlth+} (You bought it in a shop on level 5 of the Dungeon)
  5868 | D:5      | Killed Menkaure
  5870 | D:5      | Found Ereclo Reac's Gadget Shop.
  6147 | D:5      | Reached skill level 5 in Dodging
  6201 | D:5      | Found Weluttot's Assorted Antiques.
  6320 | D:5      | Found Jepp's Antique Weapon Emporium.
  6489 | D:5      | Reached skill level 7 in Fighting
  6675 | D:5      | Reached XP level 8. HP: 51/87 MP: 0/17
  6898 | D:6      | Reached skill level 1 in Evocations
  7381 | D:6      | Reached skill level 8 in Fighting
  8138 | D:5      | Bought a sack of spiders for 220 gold pieces
  8138 | D:5      | Bought a lantern of shadows for 220 gold pieces
  8714 | D:7      | Found Bliacvento's Food Shoppe.
  8717 | D:7      | Bought a beef jerky for 19 gold pieces
  8717 | D:7      | Bought a meat ration for 65 gold pieces
  8717 | D:7      | Bought a slice of pizza for 19 gold pieces
  8717 | D:7      | Bought a beef jerky for 19 gold pieces
  8717 | D:7      | Bought a beef jerky for 19 gold pieces
  9140 | D:7      | Reached XP level 9. HP: 51/95 MP: 12/18
  9537 | D:7      | Reached skill level 9 in Fighting
  9959 | D:7      | Reached skill level 1 in Maces & Flails
 11184 | D:8      | Reached skill level 10 in Fighting
 11653 | D:8      | Noticed Prince Ribbit
 11680 | D:8      | Killed Prince Ribbit
 12344 | D:8      | Learned a level 4 spell: Summon Ice Beast
 12348 | D:8      | Learned a level 3 spell: Call Canine Familiar
 12825 | D:8      | Reached skill level 1 in Summonings
 12825 | D:8      | Reached XP level 10. HP: 31/109 MP: 7/19
 13241 | D:9      | Found a staircase to the Orcish Mines.
 13905 | D:9      | Noticed a hill giant
 13942 | D:9      | Killed a hill giant
 14140 | D:9      | Reached skill level 11 in Fighting
 14642 | D:7      | Bought a beef jerky for 19 gold pieces
 14642 | D:7      | Bought 3 fruits for 58 gold pieces
 14642 | D:7      | Bought 4 fruits for 78 gold pieces
 14642 | D:7      | Bought a meat ration for 65 gold pieces
 14642 | D:7      | Bought a bread ration for 65 gold pieces
 14744 | Orc:1    | Entered Level 1 of the Orcish Mines
 14870 | Orc:1    | Found a runed door.
 15012 | Orc:1    | Noticed an orc knight
 15443 | Orc:1    | Killed an orc knight
 16064 | Orc:1    | Noticed an orc knight
 16066 | Orc:1    | HP: 5/112 [orc priest/divine providence (17)]
 16076 | Orc:1    | Killed from afar by an orc priest

Action                   |  1- 3 |  4- 6 |  7- 9 | 10-12 || total
-------------------------+-------+-------+-------+-------++-------
Melee: Short sword       |    43 |       |     1 |       ||    44
       Dagger            |   100 |   246 |   414 |    88 ||   848
       Giant club        |       |       |    46 |     9 ||    55
       Flail             |       |       |     6 |   139 ||   145
       Unarmed           |       |       |       |     3 ||     3
 Cast: Magic Dart        |     6 |       |       |       ||     6
       Call Imp          |     3 |    41 |   130 |    66 ||   240
       Call Canine Famil |       |       |     3 |     4 ||     7
       Blink             |       |       |     1 |    14 ||    15
Invok: Potion Petition   |       |       |       |     3 ||     3
Evoke: Sack of spiders   |       |       |     4 |     8 ||    12
       Wand              |       |       |     3 |     5 ||     8
  Use: Potion            |     1 |       |     3 |     3 ||     7
       Scroll            |       |       |     2 |     5 ||     7
 Stab: Sleeping          |     1 |     3 |       |       ||     4
       Distracted        |       |     1 |     2 |     3 ||     6
  Eat: Chunk             |     3 |     6 |       |       ||     9
       Fruit             |       |     4 |       |     6 ||    10
       Beef jerky        |       |     2 |     3 |     1 ||     6
       Bread ration      |       |       |     3 |     1 ||     4
       Meat ration       |       |       |     2 |       ||     2
       Pizza             |       |       |     1 |     1 ||     2
       Royal jelly       |       |       |     1 |       ||     1
